 Dungeon Crawl Stone Soup version 0.29.1-1-gd02db6906a (webtiles) character file.

Game seed: 5303807850185647279

38530 sankara the Severer (level 14, -4/133 HPs)
             Began as a Hill Orc Fighter on Oct 15, 2022.
             Was a High Priest of Makhleb.
             Killed from afar by a fire dragon (28 damage)
             ... with a blast of flame
             ... on level 5 of the Lair of Beasts.
             The game lasted 00:34:21 (17638 turns).

sankara the Severer (Hill Orc Fighter)             Turns: 17638, Time: 00:34:21

Health: -4/133     AC: 25    Str: 20    XL:     14   Next: 2%
Magic:  22/22      EV:  8    Int:  8    God:    Makhleb [*****.]
Gold:   947        SH:  5    Dex: 14    Spells: 13/13 levels left

rFire   . . .      SeeInvis .   a - +1 broad axe (elec)
rCold   . . .      Faith    +   c - +0 buckler
rNeg    . . .      Spirit   .   K - +0 plate armour
rPois   .          Reflect  .   t - +0 helmet
rElec   .          Harm     .   D - +0 cloak
rCorr   .          Rampage  .   A - +1 pair of gloves
Will    ++...                   (no boots)
Stlth   ..........              k - amulet of faith
HPRegen 0.32/turn               w - ring of willpower
MPRegen 0.18/turn               T - +4 ring of protection

@: lethally poisoned (-4 -> -29), studying Unarmed Combat
A: no striking features
a: Renounce Religion, Minor Destruction, Lesser Servant of Makhleb, Major
Destruction, Greater Servant of Makhleb


You were on level 5 of the Lair of Beasts.
You worshipped Makhleb.
Makhleb was extremely pleased with you.
You visited 3 branches of the dungeon, and saw 16 of its levels.
You also visited: Ossuary.

You collected 1055 gold pieces.
You spent 108 gold pieces at shops.

Inventory:

Hand Weapons
 a - a +1 broad axe of electrocution (weapon)
 m - a +0 war axe of draining
Missiles
 g - 32 poisoned darts
 h - 209 stones
 p - a throwing net
 F - 9 curare-tipped darts
 G - 11 boomerangs
Armour
 c - a +0 buckler (worn)
 t - a +0 helmet (worn)
 A - a +1 pair of gloves (worn)
 D - a +0 cloak (worn)
 K - a +0 plate armour (worn)
 L - the +4 leather armour of Nemelex Xobeh's Hatred {Int+2}
   (You found it on level 5 of the Lair of Beasts)

   Int:       It affects your intelligence (+2).
Jewellery
 j - the ring of Doimucoz {Fly Int+6}
   (You found it on level 5 of the Dungeon)

   [ring of intelligence]

   Int:       It affects your intelligence (+6).
   Fly:       It grants you flight.
 k - an amulet of faith (around neck)
 n - an amulet of regeneration
 w - a ring of willpower (left hand)
 z - a ring of positive energy
 J - a ring of willpower
 T - a +4 ring of protection (right hand)
 U - a ring of fire
Wands
 d - a wand of paralysis (8)
 s - a wand of digging (19)
 v - a wand of acid (13)
 y - a wand of mindburst (9) (quivered)
 O - a wand of polymorph (10)
Scrolls
 f - 4 scrolls of fear
 q - a scroll of amnesia
 r - 3 scrolls of fog
 E - 4 scrolls of magic mapping
 H - 9 scrolls of teleportation
Potions
 b - 2 potions of heal wounds
 e - 4 potions of mutation
 i - 4 potions of curing
 l - 3 potions of flight
 o - 4 potions of attraction
 u - 2 potions of lignification
 x - a potion of magic
 B - a potion of haste
 C - 2 potions of brilliance
 I - 2 potions of cancellation
 N - 2 potions of invisibility
 P - a potion of ambrosia
 Q - a potion of might
 S - 4 potions of resistance


   Skills:
 + Level 14.4 Fighting
 * Level 16.7 Axes
 + Level 13.3 Armour
 + Level 5.4 Dodging
 - Level 4.0 Shields
 + Level 11.1 Invocations
 - Level 3.0 Evocations


You had 13 spell levels left.
You didn't know any spells.
Your spell library contained the following spells:

 Spells                   Type           Power      Damage    Failure   Level
 Apportation              Tloc           0%         N/A       100%        1
 Necrotise                Necr           0%         1d4       100%        1
 Summon Small Mammal      Summ           0%         N/A       100%        1
 Ensorcelled Hibernation  Hex/Ice        0%         N/A       100%        2
 Passwall                 Tmut/Erth      0%         N/A       100%        2
 Static Discharge         Conj/Air       0%         3-3/arc   100%        2
 Conjure Flame            Conj/Fire      0%         6-21      100%        3
 Ignite Poison            Fire/Tmut/Pois 0%         N/A       100%        3
 Swiftness                Air            0%         N/A       100%        3
 Leda's Liquefaction      Hex/Erth       0%         N/A       100%        4
 Sticky Flame             Conj/Fire      0%         2d3       100%        4
 Fireball                 Conj/Fire      0%         3d3       100%        5
 Lee's Rapid Deconstruct  Erth           0%         3d5*      100%        5
 Lightning Bolt           Conj/Air       0%         1d11      100%        5
 Starburst                Conj/Fire      0%         6d3       100%        6
 Statue Form              Tmut/Erth      0%         N/A       100%        6
 Ignition                 Fire           0%         3d3       100%        8
 Maxwell's Capacitive Co  Air            0%         ∞         100%        8


Dungeon Overview and Level Annotations

Branches:
Dungeon (10/15)            Temple (1/1) D:5            Lair (5/5) D:9
  Swamp (0/4) Lair:3       Spider (0/4) Lair:3        Slime (0/5) Lair:5
    Orc (0/2) D:10        Ossuary (visited)

Altars:
Ashenzari
Cheibriados
Dithmenos
Elyvilon
Fedhas
Gozag
Hepliaklqana
Kikubaaqudgha
Makhleb
Nemelex Xobeh
Okawaru
Qazlal
Ru
Sif Muna
Trog
Uskayaw
Vehumet
Wu Jian
Xom
Yredelemnul
Zin
The Shining One

Shops:
D:10 (

Annotations:
D:5 2 runed translucent doors, MewIchigo's ghost, amateur GrFi


Message History

Found 20 gold pieces and 2 scrolls of teleportation.
You feel very sick.
Okay, then.
A demon appears!
You feel sick. The fire dragon breathes flames at you.
The blast of flame hits you!
* * * LOW HITPOINT WARNING * * *
You block the swamp dragon's attack.
The swamp dragon claws you but does no damage.
The swamp dragon tramples you but does no damage.
You hear an angry hiss.
You feel much better.
You feel sick.
The swamp dragon breathes poison at you.
The blast of poison engulfs you but does no damage.
You are more poisoned.
The fire dragon bites you.
* * * LOW HITPOINT WARNING * * *
The fire dragon claws you but does no damage.
The fire dragon tramples you but does no damage.
Your balrug gestures at the fire dragon.
The sticky flame hits the fire dragon but does no damage.
The fire dragon is covered in liquid flames!
You hear an angry hiss.
Unknown command.
You slash the swamp dragon!
Lightning courses through the swamp dragon!
You kill the swamp dragon!
Makhleb accepts your kill.
The swamp dragon scales are intact enough to wear.
You hit the fire dragon.
Lightning courses through the fire dragon!
You are engulfed in poison gas.
You are more poisoned.
* * * LOW HITPOINT WARNING * * *
x2 You feel extremely sick.
Your balrug hits the fire dragon with a +0 demon whip!!
The fire dragon is engulfed in flames.
The fire dragon resists.
The fire dragon breathes flames at you. The blast of flame hits you!!
You die...

*,~~~~,,,,*♣...♣.♣♣
*
♣♣♣..~..?,*♣♣≈...♣♣
*
♣...≈~.$,,♣♣~~...♣
*
*...≈~..*♣♣~.≈..♣♣
* **♣.~≈.~♣♣~~...♣♣
* ♣..~~♣♣~~..♣♣♣
*♣☼P☼○○☼~.♣♣
*♣○○D☼~..♣
♣♣@°2~♣♣♣ ♣♣♣♣♣♣


You could see a fire dragon (burning, catching breath, ally target) and a
friendly balrug (summoned).

Vanquished Creatures
  5 hydras
  A catoblepas (Lair:3)
  2 two-headed ogres (D:10)
  Sonja (Lair:4)
  An orb spider (Lair:3)
  A swamp dragon (Lair:5)
  An ugly thing (D:6)
  5 black mambas
  11 elephants
  A gargoyle (D:10)
  9 cane toads
  A komodo dragon (Lair:4)
  4 rime drakes
  3 unseen horrors
  4 trolls
  2 polar bears
  A tyrant leech (Lair:3)
  2 hornets
  15 blink frogs
  Prince Ribbit (D:5)
  50 yaks
  Eustachio (D:4)
  6 wyverns
  A shadow (D:9)
  Grum (D:10)
  A basilisk (Lair:5)
  A steam dragon (Lair:2)
  2 wargs (D:9)
  Edmund (D:5)
  Menkaure (D:6)
  2 acid dragons
  12 water moccasins
  2 swamp worms (Lair:3)
  A swamp drake (Lair:5)
  6 orc warriors
  A sky beast (D:8)
  A black bear (Lair:2)
  6 ogres
  11 wolves
  3 centaurs
  5 kobold brigands (D:10)
  17 bullfrogs
  2 elf zombies (Ossuary)
  3 necrophages
  3 gnoll sergeants (D:10)
  5 scorpions
  4 killer bees (D:8)
  2 howler monkeys
  A centaur zombie (Ossuary)
  6 hounds
  Crazy Yiuf (D:4)
  A gnoll bouda (D:9)
  2 orc priests (D:7)
  Ijyb (D:5)
  5 iguanas
  7 orc wizards
  3 mummies
  Robin (D:3)
  14 gnolls
  5 adders
  A white imp (D:6)
  An ufetubus (D:4)
  2 worms
  22 orcs
  7 ball pythons
  3 endoplasms
  3 giant cockroaches
  A gnoll zombie (Ossuary)
  20 goblins
  8 hobgoblins
  3 jackals (D:1)
  3 quokkas (D:1)
  A bat (D:3)
  3 frilled lizards
  A goblin zombie (Ossuary)
  5 hobgoblin zombies (Ossuary)
  12 kobolds
  6 orc zombies
  13 rats
384 creatures vanquished.

Vanquished Creatures (collateral kills)
  4 yaks (Lair:1)
4 creatures vanquished.

Vanquished Creatures (others)
  21 fungi
  74 plants
95 creatures vanquished.

Grand Total: 483 creatures vanquished

Notes
Turn   | Place    | Note
-------+----------+-------------------------------------------
     0 | D:1      | sankara the Hill Orc Fighter began the quest for the Orb.
     0 | D:1      | Reached XP level 1. HP: 19/19 MP: 1/1
    81 | D:1      | Reached skill level 3 in Axes
    93 | D:1      | Reached XP level 2. HP: 27/27 MP: 2/2
   416 | D:1      | Reached XP level 3. HP: 29/33 MP: 3/3
   945 | D:2      | Reached skill level 4 in Axes
   945 | D:2      | Reached XP level 4. HP: 40/40 MP: 4/4
  1773 | D:3      | Reached XP level 5. HP: 47/47 MP: 5/5
  1798 | D:3      | Found a sparkling altar of Nemelex Xobeh.
  1857 | D:3      | Noticed Robin
  1867 | D:3      | Killed Robin
  1868 | D:3      | Reached skill level 5 in Axes
  2032 | D:3      | Found a faded altar of an unknown god.
  2055 | D:3      | Found a glowing golden altar of the Shining One.
  2057 | D:3      | Noticed an angel
  2066 | D:3      | Found a basalt altar of Yredelemnul.
  2068 | D:3      | Noticed a profane servitor
  2353 | D:4      | Reached XP level 6. HP: 53/53 MP: 6/6
  2409 | D:4      | Noticed Eustachio
  2460 | D:4      | Killed Eustachio
  2461 | D:4      | Reached skill level 5 in Fighting
  2461 | D:4      | Reached skill level 6 in Axes
  2578 | D:4      | Reached XP level 7. HP: 60/61 MP: 7/7
  2754 | D:4      | Reached skill level 7 in Axes
  2754 | D:4      | Reached skill level 5 in Armour
  2756 | D:4      | Found a blossoming altar of Fedhas.
  2756 | D:4      | Found a white marble altar of Elyvilon.
  2814 | D:4      | Found a sacrificial altar of Ru.
  2927 | D:4      | Found a shimmering blue altar of Sif Muna.
  3062 | D:4      | Found a runed translucent door.
  3063 | D:4      | Noticed Crazy Yiuf
  3077 | D:4      | Killed Crazy Yiuf
  3194 | D:5      | Entered Level 5 of the Dungeon
  3194 | D:5      | Noticed Ijyb
  3212 | D:5      | Killed Ijyb
  3273 | D:5      | Noticed Prince Ribbit
  3282 | D:5      | Killed Prince Ribbit
  3283 | D:5      | Reached skill level 8 in Axes
  3308 | D:5      | Noticed Edmund
  3311 | D:5      | Killed Edmund
  3312 | D:5      | Reached XP level 8. HP: 70/70 MP: 8/8
  3352 | D:5      | Found a sand-covered staircase.
  3359 | Ossuary  | Entered an ossuary
  3385 | Ossuary  | Reached skill level 9 in Axes
  3563 | D:5      | Identified the ring of Doimucoz {Fly Int+6}
  3634 | D:5      | Found a staircase to the Ecumenical Temple.
  3662 | Temple   | Entered the Ecumenical Temple
  3662 | Temple   | Found a transporter.
  3662 | Temple   | Found a transporter.
  3664 | Temple   | Found a transporter.
  3664 | Temple   | Found a transporter.
  3686 | Temple   | Became a worshipper of Makhleb the Destroyer
  3758 | D:5      | Found a large runed translucent door.
  3758 | D:5      | Found a large runed translucent door.
  4265 | D:5      | Noticed MewIchigo's ghost (amateur GrFi)
  4468 | D:6      | Noticed Menkaure
  4474 | D:6      | Killed Menkaure
  4475 | D:6      | Reached skill level 10 in Axes
  4963 | D:6      | Reached XP level 9. HP: 76/79 MP: 9/9
  5128 | D:6      | Noticed a purple ugly thing
  5138 | D:6      | Killed a purple ugly thing
  5139 | D:6      | Reached skill level 11 in Axes
  5144 | D:6      | Killed an unseen horror
  5570 | D:6      | Found an iron altar of Okawaru.
  5701 | D:7      | Reached * piety under Makhleb
  5773 | D:7      | Reached skill level 12 in Axes
  6508 | D:8      | Reached XP level 10. HP: 79/91 MP: 10/10
  6610 | D:8      | Found a shimmering altar of Xom.
  6613 | D:8      | Found a broken altar of Ashenzari.
  6660 | D:8      | Reached skill level 13 in Axes
  7470 | D:9      | Reached ** piety under Makhleb
  7819 | D:9      | Found a staircase to the Lair.
  8125 | D:9      | Found an opulent altar of Gozag.
  8367 | D:9      | Reached skill level 14 in Axes
  8511 | D:9      | Reached skill level 10 in Fighting
  8511 | D:9      | Reached skill level 1 in Invocations
  8591 | D:10     | Entered Level 10 of the Dungeon
  8596 | D:10     | Identified the +2 trident of Duty {pain, rF+ Int+5}
  8672 | D:10     | Noticed a two-headed ogre
  8687 | D:10     | Killed a two-headed ogre
  8992 | D:10     | Found Tuklel's Antique Weapon Shop.
  9410 | D:10     | Reached XP level 11. HP: 50/100 MP: 13/13
  9770 | D:10     | Noticed a two-headed ogre
  9779 | D:10     | Killed a two-headed ogre
  9780 | D:10     | Reached skill level 15 in Axes
 10066 | D:10     | Found a staircase to the Orcish Mines.
 10109 | D:10     | Reached *** piety under Makhleb
 10126 | D:10     | Reached skill level 10 in Armour
 10681 | D:10     | Noticed Grum
 10696 | D:10     | Killed Grum
 10697 | D:10     | Reached skill level 5 in Invocations
 10830 | Lair:1   | Entered Level 1 of the Lair of Beasts
 10856 | Lair:1   | Reached skill level 16 in Axes
 11306 | Lair:1   | Reached XP level 12. HP: 94/111 MP: 17/17
 11468 | Lair:1   | Reached **** piety under Makhleb
 11674 | Lair:1   | Reached skill level 1 in Evocations
 11677 | Lair:1   | Reached skill level 1 in Dodging
 12325 | Lair:2   | Noticed an eight-headed hydra
 12350 | Lair:2   | Killed an eight-headed hydra
 12608 | Lair:2   | Reached ***** piety under Makhleb
 12889 | Lair:2   | Noticed a six-headed hydra
 12898 | Lair:2   | Killed a seven-headed hydra
 13803 | Lair:3   | Found a hole to the Spider Nest.
 13808 | Lair:3   | Reached XP level 13. HP: 103/122 MP: 19/19
 13943 | Lair:3   | You fall into a shaft and drop 2 floors!
 13943 | Lair:5   | Entered Level 5 of the Lair of Beasts
 13954 | Lair:5   | Noticed Sonja
 14387 | Lair:4   | Killed Sonja
 15129 | Lair:5   | Reached skill level 10 in Invocations
 15508 | Lair:3   | Found a staircase to the Swamp.
 16245 | D:10     | Bought a broad axe for 108 gold pieces
 16727 | Lair:4   | Reached skill level 5 in Dodging
 17544 | Lair:5   | Reached XP level 14. HP: 133/133 MP: 22/22
 17575 | Lair:5   | Identified the +4 leather armour of Nemelex Xobeh's Hatred
                  | {Int+2}
 17638 | Lair:5   | Killed from afar by a fire dragon

Illustrated notes

Levels and vault maps discovered:
D:1:      sevenhm_arrival_forest_fort_small_4, layout_loops_ring,
          grunt_decor_arrowhead
D:2:      layout_loops_corners, st_stairs_4, minmay_cupped
D:3:      layout_rooms, grunt_temple_overflow_holy_war,
          mainiacjoe_overflow_cross_hatched,
          shapermc_ecumenical_altar_acropolis, hangedman_decor_push, uniq_robin
D:4:      nicolae_cairo_tiling, layout_loops_ring, mainiacjoe_overflow_alcove_4,
          nicolae_ru_sacrificial_ziggurat, nicolae_overflow_two_pavilions,
          uniq_eustachio, uniq_crazy_yiuf_cottage
D:5:      layout_cave_pods, minmay_temple_entry_ruins,
          ebering_ghost_disaster_area, nicolae_ossuary_entry_giza,
          grunt_decor_one_mirror, uniq_prince_ribbit1, uniq_edmund, uniq_ijyb
D:6:      layout_loops_corners, okawaru_altar_gauntlet_db,
          ebering_dispersal_statue_hall, minmay_manual_mullet, uniq_menkaure
D:7:      layout_loops_ring
D:8:      layout_cave_pools, mainiacjoe_overflow_catwalk_spiral
D:9:      layout_loops_ring, nicolae_gozag_cash_rules_everything_around_me,
          erik_lair_orcish_takeover, corexii_leaking_fountain
D:10:     layout_loops_ring, kennysheep_orc_monster_closet_entryway,
          serial_shops, kennysheep_little_box, uniq_grum
Temple:   hellmonk_temple_divided_pantheon
Lair:1:   layout_chaotic_city, nicolae_quartered_pool_impasse,
          serial_bayou_shore_a, grunt_megastairs_3
Lair:2:   layout_big_grid, lemuel_fruit_tree, grunt_megastairs_5
Lair:3:   layout_long_grid, minmay_swamp_entry_worms,
          nicolae_spider_entry_orb_guardian
Lair:4:   layout_gridlike
Lair:5:   guppyfry_lair_end_dragon, layout_cellular_growth,
          hangedman_lair_tendril_chambers, slime_entry_1,
          nicolae_volcano_entry_s_turn, chequers_serial_rivers_micro_a,
          small_statue_intersection, uniq_sonja, uniq_urug

Skill      XL: |  1  2  3  4  5  6  7  8  9 10 11 12 13 |
---------------+----------------------------------------+-----
Axes           | 3 4 5 6 8 10 12 14 16 | 16.7
Fighting       | 4 5 6 7 9 10 11 13 14 | 14.4
Armour         | 4 5 6 8 9 10 12 13 | 13.3
Shields        | 4 |  4.0
Invocations    | 2 6 9 11 | 11.1
Evocations     | 3 |  3.0
Dodging        | 3 5 |  5.4

Action                   |  1- 3 |  4- 6 |  7- 9 | 10-12 | 13-15 || total
-------------------------+-------+-------+-------+-------+-------++-------
Melee: War axe           |    79 |   235 |   296 |   557 |   161 ||  1328
       Broad axe         |       |       |       |       |   127 ||   127
Invok: Minor Destruction |       |       |       |     9 |       ||     9
       Major Destruction |       |       |       |    25 |    17 ||    42
       Greater Servant o |       |       |       |       |     1 ||     1
Evoke: Wand              |       |       |     3 |     2 |     2 ||     7
  Use: Scroll            |       |       |    13 |    12 |     9 ||    34
       Potion            |       |       |     1 |     2 |     5 ||     8
Armor: Scale mail        |    27 |    32 |       |       |       ||    59
       Chain mail        |       |   119 |    81 |       |       ||   200
       Plate armour      |       |       |    97 |   356 |   260 ||   713
Dodge: Dodged            |    40 |    98 |    73 |   171 |   132 ||   514
Block: Buckler           |    12 |    74 |    55 |   172 |    71 ||   384
